 Dungeon Crawl Stone Soup version 0.18-a0-270-ga9d907f (webtiles) character file.

25031 4thArraOfDagon the Protected (level 13, -4/111 HPs)
             Began as a Formicid Artificer on Nov 26, 2015.
             Was a Priest of Okawaru.
             Slain by a lorocyproca (22 damage)
             ... on level 2 of the Abyss.
             The game lasted 00:56:12 (9880 turns).

4thArraOfDagon the Protected (Formicid Artificer)   Turns: 9880, Time: 00:56:12

Health: -4/111     AC: 31    Str: 24    XL:     13   Next: 47%
Magic:  15/17      EV:  9    Int: 18    God:    Okawaru [***...]
Gold:   1318       SH:  0    Dex: 11    Spells: 0 memorised, 12 levels left

rFire  + + .     SeeInvis +     X - +2 triple sword (freeze)
rCold  . . .     Clarity  .     J - +1 crystal plate armour of Death's Door {rF+ Str+3 SInv} (curse)
rNeg   + . .     SustAt   .     (no shield)
rPois  +         Gourm    .     (helmet unavailable)
rElec  +         Spirit   .     B - +1 cloak
rCorr  .         Warding  +     a - +0 pair of gloves
rMut   .         Stasis   +     (no boots)
MR     .....                    T - amulet "Addo" {Ward rN+ MR- Str+6}
Stlth  ..........               U - ring of poison resistance
                                m - ring "Qusikyso" {rElec rF+ SInv}

@: heroism, not resistant to hostile enchantments, extremely unstealthy
A: permanent stasis, dig shafts and tunnels, four strong arms, antennae 3
a: Dig, Shaft Self, Heroism, Renounce Religion


You were on level 2 of the Abyss.
You worshipped Okawaru.
Okawaru was most pleased with you.
You were not hungry.

You visited 3 branches of the dungeon, and saw 20 of its levels.
You visited the Abyss 1 time.
You also visited: Labyrinth and Ossuary.

You collected 1894 gold pieces.
You spent 576 gold pieces at shops.

Inventory:

Hand Weapons
 p - a +2 short sword of speed
 s - a +0 quarterstaff of speed
 y - a +4 antimagic falchion
 F - a +2 dagger of electrocution
 L - a +0 lajatang
 V - a +3 blowgun
 X - a +2 triple sword of freezing (weapon)
Missiles
 n - 2 curare-tipped needles
 v - 4 tomahawks of dispersal (quivered)
 D - 4 poisoned tomahawks
 O - 7 javelins of returning
Armour
 a - a +0 pair of gloves (worn)
 i - a troll hide
 B - a +1 cloak (worn)
 J - the cursed +1 crystal plate armour of Death's Door (worn) {rF+ Str+3 SInv}
   (You found it on level 12 of the Dungeon)

   It affects your strength (+3).
   It protects you from fire.
   It lets you see invisible.
   It has a curse placed upon it.
Magical Staves
 q - an uncursed staff of cold {unknown}
 E - an uncursed staff of cold {unknown}
Rods
 o - a +2 rod of clouds (10/10)
   (You took it off a minotaur in a labyrinth)
Jewellery
 m - the ring "Qusikyso" (left hand) {rElec rF+ SInv}
   (You bought it in a shop on level 4 of the Orcish Mines)

   [ring of see invisible]

   It protects you from fire.
   It insulates you from electricity.
   It lets you see invisible.
 T - the amulet "Addo" (around neck) {Ward rN+ MR- Str+6}
   (You found it in a labyrinth)

   [amulet of warding]

   It may prevent the melee attacks of summoned creatures.
   It affects your strength (+6).
   It protects you from negative energy.
   It affects your resistance to hostile enchantments.
 U - a ring of poison resistance (right hand)
Wands
 c - a wand of flame (10)
 d - a wand of enslavement (3)
 e - a wand of random effects (12)
 A - a wand of draining (3)
 G - a wand of cold (0)
 M - a wand of digging (13)
 Q - a wand of random effects (26)
 S - a wand of fire (0)
 Z - a wand of disintegration (14)
Scrolls
 g - 2 scrolls of remove curse
 h - a scroll of brand weapon
 k - a scroll of enchant armour
 t - 3 scrolls of identify
 I - 2 scrolls of recharging
Potions
 l - 3 potions of flight
 r - 2 potions of resistance
 u - a potion of lignification
 z - 3 potions of brilliance
Books
 b - a book of the Dragon

   Spells                             Type                      Level
   a - Flame Tongue                   Conjuration/Fire             1
   b - Cause Fear                     Hexes                        4
   c - Bolt of Fire                   Conjuration/Fire             6
   d - Dragon Form                    Transmutation                7
   e - Dragon's Call                  Summoning                    9
 H - a book of Unlife

   Spells                             Type                      Level
   a - Recall                         Summoning/Translocation      3
   b - Animate Dead                   Necromancy                   4
   c - Control Undead                 Necromancy                   4
   d - Cigotuvi's Embrace             Necromancy                   5
   e - Death Channel                  Necromancy                   6
   f - Simulacrum                     Ice/Necromancy               6
 K - a book of Fire

   Spells                             Type                      Level
   a - Ignite Poison                  Fire/Transmutation/Poison    3
   b - Fireball                       Conjuration/Fire             5
   c - Bolt of Fire                   Conjuration/Fire             6
   d - Delayed Fireball               Conjuration/Fire             7
   e - Ring of Flames                 Charms/Fire                  7
 R - a book of Conjurations

   Spells                             Type                      Level
   a - Magic Dart                     Conjuration                  1
   b - Searing Ray                    Conjuration                  2
   c - Dazzling Spray                 Conjuration/Hexes            3
   d - Fulminant Prism                Conjuration/Hexes            4
   e - Iskenderun's Mystic Blast      Conjuration                  4
   f - Iskenderun's Battlesphere      Conjuration/Charms           5
Miscellaneous
 W - a plain deck of summoning {drawn: 8}
Comestibles
 f - 5 bread rations
 w - 6 meat rations


   Skills:
 + Level 13.1(18.1) Fighting
 - Level 1.0(11.8) Short Blades
 * Level 10.6(15.7) Long Blades
 + Level 14.2(19.2) Armour
 - Level 2.3(7.3) Dodging
 - Level 1.2(6.2) Stealth
 - Level 5.6 Invocations
 - Level 4.0 Evocations


You had 12 spell levels left.
You didn't know any spells.

Dungeon Overview and Level Annotations

Branches:
Dungeon (13/15)            Temple (0/1) D:7            Lair (0/8) D:10
    Orc (4/4) D:10            Elf (3/3) Orc:3        Vaults (0/5) D:13

Altars:
Ashenzari
Dithmenos
Fedhas
Gozag
Kikubaaqudgha
Makhleb
Okawaru
Qazlal
Ru
Sif Muna
Vehumet
Xom
Beogh
Jiyva

Shops:
D:4 (   Orc:2 }   Orc:4 (=*[

Annotations:
D:5 Pikel
D:8 Duffy's ghost, novice HESk
D:11 Psyche


Innate Abilities, Weirdness & Mutations

You are under a permanent stasis effect.
You can dig through walls and to a lower floor.
Your four strong arms can wield two-handed weapons with a shield.
You have a pair of large antennae on your head (SInv).


Message History

You extend your mandibles.
You dig through the rock wall.
Found 16 gold pieces.
Unknown command.
Unknown command.
Unknown command.
You gain the combat prowess of a mighty hero.
You feel slightly more hungry.
A lorocyproca comes into view.
You retract your mandibles.
You strike the helpless lorocyproca from a blind spot!
You slash the lorocyproca! You freeze the lorocyproca.
The lorocyproca is lightly wounded.
The lorocyproca barely misses you.
Unknown command.
You closely miss the lorocyproca.
The lorocyproca is lightly wounded.
The orange demon screeches!
The lorocyproca barely misses you. The lorocyproca hits you!!
You die...

## .## .#.#
...#. .. {.X
.....# .# #
###.$§.§.
##.##.#
#.2...4#
{..{..###@# .
.{ ..##...##.
.{..#.......#
.
...#.....#.#
#...##....##
# # .#.....##
##.#....## .
.##..## #.
.####


You could see a lorocyproca (invisible) and an orange demon.

Vanquished Creatures
  2 tentacled starspawn (Abyss:2)
  A stone giant (Orc:4)
  2 ettins (Orc:4)
  A minotaur (Lab)
  A yaktaur captain (D:13)
  A deep elf knight (Elf:1)
  2 hill giants
  2 deep elf summoners (Elf:1)
  3 deep elf conjurers
  2 large abominations (Abyss:2)
  A manticore (D:13)
  2 centaur zombies
  8 cyclopes
  A smoke demon (Abyss:2)
  2 yaktaurs (D:13)
  A centaur skeleton (D:13)
  A komodo dragon (D:11)
  5 trolls
  A fire drake (D:10)
  A slime creature (D:10)
  2 small abominations (Abyss:2)
  Sigmund (D:5)
  A wyvern (D:13)
  4 deep elf magi
  A hungry ghost (D:13)
  A human (shapeshifter) (Elf:2)
  A hippogriff (D:10)
  3 wargs
  2 deep elf fighters
  6 orc warriors
  A water moccasin (D:11)
  An eye of draining (D:9)
  A phantom (D:8)
  2 ice beasts
  A big kobold (D:12)
  4 centaurs (D:11)
  5 ogres
  4 giant frogs
  A gnoll sergeant (D:10)
  A hound (D:5)
  7 crimson imps
  4 jellies
  19 orc wizards
  12 orc priests
  A giant frog skeleton (D:12)
  A gnoll shaman (D:5)
  7 iguanas
  6 worker ants
  5 mummies (Ossuary)
  A worker ant zombie (D:7)
  16 gnolls
  9 adders
  2 white imps (Abyss:2)
  An adder skeleton (D:8)
  126 orcs
  6 bats
  4 hobgoblins
  8 jackals
  2 ball pythons
  6 giant cockroaches
  4 giant geckos
  3 giant newts
  2 gnoll zombies (Ossuary)
  8 goblins
  A hobgoblin zombie (Ossuary)
  A jackal skeleton (D:4)
  13 kobolds
  A kobold zombie (Ossuary)
  3 orc zombies (Ossuary)
  3 quokkas
  2 rats
  2 rat zombies (D:3)
369 creatures vanquished.

Vanquished Creatures (collateral kills)
  An ettin (Orc:4)
  A cyclops (D:13)
  3 wights (D:7)
  An orc wizard (D:7)
  A mummy (Ossuary)
  3 orcs (D:7)
  A kobold zombie (Ossuary)
11 creatures vanquished.

Vanquished Creatures (others)
  A troll (D:10)
  4 slaves (D:5)
  A scorpion (D:9)
  A gnoll shaman (D:5)
  2 mummies (Ossuary)
  4 gnolls
  An orc (D:7)
  4 fungi (Orc:4)
  9 starspawn tentacles (Abyss:2)
  38 starspawn tentacle segments (Abyss:2)
65 creatures vanquished.

Grand Total: 445 creatures vanquished

Notes
Turn   | Place    | Note
--------------------------------------------------------------
     0 | D:1      | 4thArraOfDagon the Formicid Artificer began the quest for the Orb.
     0 | D:1      | Reached XP level 1. HP: 15/15 MP: 3/3
   115 | D:1      | Reached XP level 2. HP: 18/21 MP: 4/4
   176 | D:1      | Found an iron altar of Okawaru.
   193 | D:1      | Became a worshipper of Warmaster Okawaru
   373 | D:2      | Reached XP level 3. HP: 26/26 MP: 5/5
   389 | D:2      | Reached skill level 1 in Armour
   592 | D:2      | Reached skill level 4 in Evocations
   592 | D:2      | Reached XP level 4. HP: 28/33 MP: 5/7
   698 | D:3      | Found an opulent altar of Gozag.
   801 | D:3      | Reached XP level 5. HP: 31/41 MP: 8/8
   857 | D:3      | Found a shadowy altar of Dithmenos.
   859 | D:3      | Found a burning altar of Makhleb.
   861 | D:3      | Found a radiant altar of Vehumet.
   945 | D:4      | Found Poqoim's Weapon Shop.
  1127 | D:5      | Entered Level 5 of the Dungeon
  1148 | D:4      | Reached XP level 6. HP: 46/48 MP: 9/9
  1191 | D:5      | Reached * piety under Okawaru
  1283 | D:5      | Noticed Sigmund
  1318 | D:5      | Killed Sigmund
  1318 | D:5      | Reached skill level 5 in Fighting
  1318 | D:5      | Reached XP level 7. HP: 45/56 MP: 10/10
  1481 | D:5      | Found a sacrificial altar of Ru.
  1482 | D:5      | Noticed Pikel
  1724 | D:5      | Found a stormy altar of Qazlal.
  1770 | D:5      | Reached skill level 5 in Armour
  1839 | D:5      | Reached skill level 1 in Invocations
  1921 | D:5      | Reached XP level 8. HP: 22/64 MP: 11/11
  2008 | D:5      | Found a blossoming altar of Fedhas.
  2071 | D:6      | Reached skill level 6 in Fighting
  2173 | D:6      | Reached ** piety under Okawaru
  2727 | D:7      | Was placed under penance by Okawaru
  2757 | D:7      | Found a staircase to the Ecumenical Temple.
  2795 | D:8      | Noticed Duffy's ghost (novice HESk)
  2968 | D:7      | Found a sand-covered staircase.
  2975 | Ossuary  | Entered an ossuary
  3148 | Ossuary  | Reached skill level 7 in Fighting
  3457 | D:8      | Reached XP level 9. HP: 63/72 MP: 4/12
  3518 | D:8      | Found a deep blue altar of Sif Muna.
  3552 | D:8      | Reached skill level 5 in Invocations
  3579 | D:8      | Found a shattered altar of Ashenzari.
  3620 | D:8      | Was forgiven by Okawaru
  4225 | D:9      | Reached skill level 8 in Fighting
  4254 | D:10     | Entered Level 10 of the Dungeon
  4347 | D:10     | Found a staircase to the Orcish Mines.
  4387 | D:10     | Found a staircase to the Lair.
  4463 | D:10     | Found a viscous altar of Jiyva.
  4463 | D:10     | Noticed a troll
  4484 | D:10     | Reached *** piety under Okawaru
  4780 | D:11     | Reached skill level 9 in Fighting
  4787 | D:11     | Noticed a komodo dragon
  4806 | D:11     | Killed a komodo dragon
  4806 | D:11     | Reached **** piety under Okawaru
  4806 | D:11     | Reached XP level 10. HP: 51/83 MP: 14/14
  4879 | D:11     | Noticed a white ugly thing
  4972 | D:12     | Got a dazzling crystal plate armour
  4985 | D:12     | Identified the cursed +1 crystal plate armour of Death's Door {rF+ Str+3 SInv} (You found it on level 12 of the Dungeon)
  5086 | D:12     | Reached skill level 10 in Fighting
  5159 | D:13     | Noticed a yaktaur captain
  5190 | D:13     | Killed a yaktaur captain
  5190 | D:13     | Reached skill level 10 in Armour
  5205 | D:13     | Reached ***** piety under Okawaru
  5211 | D:13     | Found a gate to the Vaults.
  5285 | D:13     | Reached skill level 11 in Fighting
  5291 | D:13     | Noticed a cyclops
  5316 | D:13     | Killed a cyclops
  5316 | D:13     | Received a gift from Okawaru
  5316 | D:13     | Reached XP level 11. HP: 81/93 MP: 13/15
  5442 | D:13     | Noticed a manticore
  5466 | D:13     | Killed a manticore
  5519 | D:13     | Found a labyrinth entrance.
  5530 | Lab      | Entered a labyrinth
  5774 | Lab      | :)
  5795 | Lab      | Noticed a minotaur
  5818 | Lab      | Killed a minotaur
  5820 | Lab      | Got a sparkling ruby amulet
  5823 | Lab      | Identified the amulet "Addo" {Ward rN+ MR- Str+6} (You found it in a labyrinth)
  5846 | D:13     | Noticed a hill giant
  5864 | D:13     | Killed a hill giant
  5864 | D:13     | Received a gift from Okawaru
  5864 | D:13     | Reached skill level 12 in Fighting
  5891 | D:12     | :)
  6017 | D:13     | Noticed a cyclops
  6056 | D:13     | Killed a cyclops
  6056 | D:13     | Reached skill level 1 in Long Blades
  6057 | D:13     | Was placed under penance by Okawaru
  6107 | D:13     | wow that was dumb
  6249 | D:12     | Gained mutation: You possess an exceptional clarity of mind. [potion of mutation]
  6249 | D:12     | Gained mutation: Armour fits poorly on your strangely shaped body. [potion of mutation]
  6249 | D:12     | Gained mutation: You have sharp toenails. [potion of mutation]
  6251 | D:12     | Lost mutation: Armour fits poorly on your strangely shaped body. [potion of cure mutation]
  6251 | D:12     | Lost mutation: You have sharp toenails. [potion of cure mutation]
  6251 | D:12     | Lost mutation: You possess an exceptional clarity of mind. [potion of cure mutation]
  6281 | D:11     | Noticed Psyche
  6317 | D:10     | Noticed a hill giant
  6341 | D:10     | Killed a hill giant
  6549 | D:10     | Was forgiven by Okawaru
  6559 | Orc:1    | Entered Level 1 of the Orcish Mines
  6765 | Orc:2    | Found Gussuapo's Gadget Shoppe.
  6943 | Orc:2    | Found a roughly hewn altar of Beogh.
  7148 | Orc:3    | Found a staircase to the Elven Halls.
  7461 | Orc:3    | Found a shimmering altar of Xom.
  7555 | Orc:4    | Entered Level 4 of the Orcish Mines
  7562 | Orc:4    | Noticed a cyclops
  7586 | Orc:4    | Killed a cyclops
  7586 | Orc:4    | Reached skill level 5 in Long Blades
  7586 | Orc:4    | Reached XP level 12. HP: 70/102 MP: 4/16
  7592 | Orc:4    | Noticed a stone giant
  7612 | Orc:4    | HP: 5/102 [stone giant (29)]
  7616 | Orc:4    | Killed a stone giant
  7626 | Orc:4    | Received a gift from Okawaru
  7626 | Orc:4    | Reached skill level 13 in Armour
  7836 | Orc:4    | Found Lutir Hum's Antique Weapon Emporium.
  7845 | Orc:4    | thx
  8166 | Orc:4    | Noticed an ettin
  8198 | Orc:4    | Killed an ettin
  8379 | Orc:4    | Noticed an ettin
  8394 | Orc:4    | Killed an ettin
  8437 | Orc:4    | Found Saer's Antique Armour Shoppe.
  8512 | Orc:4    | Noticed an ettin
  8566 | Orc:4    | Found Qutusena's General Store.
  8827 | Orc:4    | Killed an ettin
  9010 | Orc:4    | Found Moocogaf's Jewellery Shoppe.
  9050 | Orc:4    | Bought the ring "Qusikyso" {rElec rF+ SInv} for 576 gold pieces
  9158 | Elf:1    | Entered Level 1 of the Elven Halls
  9230 | Elf:1    | Noticed a deep elf knight
  9261 | Elf:1    | Killed a deep elf knight
  9261 | Elf:1    | Received a gift from Okawaru
  9356 | Elf:1    | Reached XP level 13. HP: 73/109 MP: 17/17
  9479 | Elf:3    | Entered Level 3 of the Elven Halls
  9479 | Elf:3    | Found an ancient bone altar of Kikubaaqudgha.
  9506 | Elf:3    | Cast into the Abyss (deep elf fighter)
  9507 | Abyss:1  | rly
  9747 | Abyss:2  | Identified a +2 rod of clouds (10/10) (You took it off a minotaur in a labyrinth)
  9768 | Abyss:2  | Noticed a tentacled starspawn
  9797 | Abyss:2  | Noticed a tentacled starspawn
  9804 | Abyss:2  | Killed a tentacled starspawn
  9804 | Abyss:2  | Reached skill level 10 in Long Blades
  9804 | Abyss:2  | Reached skill level 14 in Armour
  9811 | Abyss:2  | Killed a tentacled starspawn
  9821 | Abyss:2  | HP: 1/111 [large abomination (16)]
  9833 | Abyss:2  | Noticed a purple draconian zealot
  9842 | Abyss:2  | Noticed a red very ugly thing
  9872 | Abyss:2  | Noticed a starcursed mass
  9879 | Abyss:2  | Noticed a lorocyproca
  9880 | Abyss:2  | Slain by a lorocyproca

Vault maps used:
D:1:      lemuel_arrival_cross, okawaru_ov_weapons_minmay
D:2:      cheibriados_altar_1, overflow_temple_1_default, uniq_natasha
D:3:      old_standard_altar, lemuel_zombie_altar_kikubaaqudgha,
          grunt_temple_overflow_diamond, grunt_decor_one_mirror
D:4:      serial_shops, nicolae_shop_competitors_out_of_business
D:5:      lemuel_castle_with_subvaults, lemuel_blue_sif_altar,
          fedhas_altar_fruit_tree, nicolae_overflow_crystal_walls,
          old_standard_altar, first_bread, hangedman_decor_clover_reticule,
          uniq_sigmund, uniq_pikel
D:7:      kennysheep_mini, temple_statues, chequers_ossuary_entry_cave
D:8:      kennysheep_little_box, basic_altar, serial_glass, glass_columns_a,
          glass_columns_b
D:9:      grunt_pizzeria, nicolae_blasting_shop
D:10:     minmay_lair_entry_lava, hiddenorc1_lemuel, jiyva_altar_1
D:11:     serial_co_window_serial, co_window_cross_1, co_window_corner_a,
          co_window_corner_a, co_window_paths_a, co_window_of_opportunity_a,
          co_window_2corner, co_window_cross_2, co_window_broadway_a,
          co_window_cross_2, co_window_paths_d, co_window_4corner_b,
          glass_columns_b, glass_columns_b, kennysheep_kite_vault, uniq_psyche
D:12:     serial_shops, shop_statue, serial_park_tiny_pond
D:13:     david_vaults_2, lab_entry_generic
Orc:2:    serial_shops, nicolae_shop_temple_entry_statues_fountains, basic_altar
Orc:3:    basic_altar, nicolae_orc_pool_cavern
Orc:4:    grunt_orc_gardens, grunt_orc_garden, grunt_orc_garden,
          grunt_orc_garden, grunt_orc_garden
Elf:1:    basic_altar, minmay_elf_annihilation, uniq_louise
Elf:2:    basic_altar
Elf:3:    grunt_elf_hall_branching, basic_altar, abandoned_shop
Lab:      nicolae_lab_arrow
Ossuary:  ossuary_tomb_3

Action                   |  1- 3 |  4- 6 |  7- 9 | 10-12 | 13-15 || total
-------------------------+-------+-------+-------+-------+-------++-------
Melee: Short sword       |   165 |   182 |   424 |       |       ||   771
       Falchion          |       |       |   242 |   585 |       ||   827
       Dagger            |       |       |   125 |   305 |       ||   430
       Triple sword      |       |       |       |    12 |    71 ||    83
Throw: Throwing net      |       |       |     8 |     3 |       ||    11
Invok: Heroism           |       |       |       |    25 |     5 ||    30
       Finesse           |       |       |       |     1 |       ||     1
 Abil: Dig               |     2 |    15 |    22 |    46 |    13 ||    98
Evoke: Wand              |     1 |       |    28 |     8 |     4 ||    41
       Deck              |       |       |       |     8 |       ||     8
  Use: Scroll            |       |     4 |    16 |     5 |     3 ||    28
       Potion            |       |       |     4 |    10 |     1 ||    15
 Stab: Paralysed         |       |       |     2 |       |       ||     2
       Held in net/web   |       |       |     1 |     1 |       ||     2
       Invisible         |       |       |       |     7 |       ||     7
       Distracted        |       |       |       |       |     1 ||     1
  Eat: Chunk             |       |     3 |     8 |    19 |     2 ||    32
       Beef jerky        |       |     1 |       |       |       ||     1
       Fruit             |       |       |    15 |     1 |       ||    16
       Meat ration       |       |       |       |     1 |       ||     1
       Pizza             |       |       |       |     1 |     2 ||     3
